 Dungeon Crawl Stone Soup version 0.29.1-1-gd02db6906a (webtiles) character file.

Game seed: 16268703811388737406

544 keekatzer the Changer (level 7, -2/66 HPs)
             Began as a Troll Transmuter on Oct 2, 2022.
             Was an Initiate of the Shining One.
             Slain by an orc
             ... wielding a +0 falchion
              (7 damage)
             ... on level 4 of the Dungeon.
             The game lasted 00:12:01 (1855 turns).

keekatzer the Changer (Troll Transmuter)            Turns: 1855, Time: 00:12:02

Health: -2/66      AC:  3    Str: 19    XL:     7   Next: 6%
Magic:  10/10      EV: 10    Int:  9    God:    the Shining One [......]
Gold:   140        SH:  0    Dex: 12    Spells: 8/11 levels left

rFire   . . .      SeeInvis .     - Unarmed
rCold   . . .      Faith    .   (no shield)
rNeg    . . .      Spirit   .   a - +0 robe
rPois   .          Reflect  .   (helmet restricted)
rElec   .          Harm     .   o - +2 cloak
rCorr   .          Rampage  .   (gloves unavailable)
Will    .....                   (boots unavailable)
Stlth   +.........              (no amulet)
HPRegen 1.01/turn               (no ring)
MPRegen 0.12/turn               (no ring)

@: corroded, glowing
A: large, unfitting armour, claws 3, regeneration 1, shaggy fur 1, tough skin 1
a: Renounce Religion


You were on level 4 of the Dungeon.
You worshipped the Shining One.
The Shining One was noncommittal.
You visited 1 branch of the dungeon, and saw 4 of its levels.

You collected 140 gold pieces.

Inventory:

Missiles
 k - 2 throwing nets
Armour
 a - a +0 robe (worn)
 g - a scarf of invisibility
 o - a +2 cloak (worn)
 r - a +2 kite shield
Wands
 m - a wand of charming (9)
 n - a wand of iceblast (6)
Scrolls
 d - 3 scrolls of identify {unknown}
 e - a scroll of fog {unknown}
 j - a scroll of blinking {unknown}
 l - a scroll of enchant weapon {unknown}
Potions
 b - a potion of lignification
 c - a potion of curing {unknown}
 f - a potion of mutation {unknown}
 h - a potion of berserk rage {unknown}
 p - a potion of heal wounds {unknown}
 q - a potion of might {unknown}


   Skills:
 - Level 2.4 Fighting
 - Level 1.5 Dodging
 - Level 3.0 Unarmed Combat
 + Level 2.7 Spellcasting
 + Level 3.2 Transmutations
 + Level 2.7 Ice Magic


You had 8 spell levels left.
You knew the following spells:

 Your Spells              Type           Power      Damage    Failure   Level
a - Beastly Appendage     Tmut           14%        N/A       9%          1
b - Wereblood             Tmut           7%         N/A       12%         2

Your spell library contained the following spells:

 Spells                   Type           Power      Damage    Failure   Level
 Foxfire                  Conj/Fire      4%         2x1d4     30%         1
 Ozocubu's Armour         Ice            6%         N/A       30%         3
 Spider Form              Tmut/Pois      4%         N/A       43%         3
 Ice Form                 Ice/Tmut       6%         N/A       65%         4
 Conjure Flame            Conj/Fire      1%         6-21      67%         3
 Inner Flame              Hex/Fire       1%         N/A       67%         3
 Flame Wave               Conj/Fire      1%         2d4       97%         4
 Ozocubu's Refrigeration  Ice            3%         4d8       100%        7


Dungeon Overview and Level Annotations

Branches:
Dungeon (4/15)
 Temple: D:4-7

Altars:
Zin
The Shining One


Innate Abilities, Weirdness & Mutations

You are too large for most types of armour.
You have claws for hands.
Your natural rate of healing is unusually fast.
You are covered in fur. (AC +1)
You have tough skin. (AC +1)


Message History

You are no longer poisoned.
The orc barely misses you. The orc hits you with a +0 falchion.
You scratch the jelly. The acid corrodes you!
Your claws burn!
The jelly is lightly wounded.
The orc hits you but does no damage. The orc hits you with a +0 falchion.
The jelly barely misses you.
You scratch the jelly.
Your claws burn!
The jelly is moderately wounded.
The orc hits you with a +0 dagger. The orc hits you with a +0 falchion.
The jelly hits you.
You are splashed with acid.
You scratch the jelly.
Your claws burn!
* * * LOW HITPOINT WARNING * * *
The jelly is severely wounded.
The orc barely misses you. x2; The jelly barely misses you.
You claw the jelly!
You kill the jelly!
The orc hits you with a +0 dagger.
* * * LOW HITPOINT WARNING * * *
The orc hits you with a +0 falchion.
* * * LOW HITPOINT WARNING * * *
Unknown command.
You completely miss the orc. The orc hits you with a +0 dagger.
* * * LOW HITPOINT WARNING * * *
The orc closely misses you.
You scratch the orc but do no damage. The orc hits you with a +0 dagger.
* * * LOW HITPOINT WARNING * * *
The orc hits you with a +0 falchion.
* * * LOW HITPOINT WARNING * * *
You scratch the orc.
The orc is heavily wounded.
The orc closely misses you. x2
You scratch the orc.
You kill the orc!
The orc hits you with a +0 falchion.
* * * LOW HITPOINT WARNING * * *
You scratch the orc but do no damage. The orc barely misses you.
You barely miss the orc. The orc hits you with a +0 falchion.
* * * LOW HITPOINT WARNING * * *
You scratch the orc but do no damage. The orc hits you with a +0 falchion!
You die...

..........
#.........
.........
#...§....
##...§.S..
#...w§..
#...o##
#.<.)@#
#..^)##
####.#
#...#
#......
#.......#
...##..[#
.... ..##
##..# ...


You could see a worm and an orc.

Vanquished Creatures
  The ghost of Sanktem7 the Trooper, an amateur MiFi (D:3)
  A necrophage (D:3)
  A jelly (D:4)
  An orc priest (D:3)
  Ijyb (D:3)
  An orc wizard (D:3)
  Robin (D:3)
  5 adders
  A worm (D:2)
  3 dart slugs
  4 orcs
  10 bats
  3 endoplasms
  3 giant cockroaches
  12 goblins
  10 hobgoblins
  3 jackals (D:1)
  2 quokkas (D:3)
  6 ball pythons
  A frilled lizard (D:2)
  11 kobolds
  6 rats
87 creatures vanquished.

Notes
Turn   | Place    | Note
-------+----------+-------------------------------------------
     0 | D:1      | keekatzer the Troll Transmuter began the quest for the Orb.
     0 | D:1      | Reached XP level 1. HP: 18/18 MP: 1/1
    36 | D:1      | Reached skill level 1 in Fighting
    65 | D:1      | Reached XP level 2. HP: 28/28 MP: 2/2
   314 | D:1      | Learned a level 2 spell: Wereblood
   504 | D:1      | Reached XP level 3. HP: 36/36 MP: 3/3
   975 | D:2      | Reached XP level 4. HP: 43/44 MP: 5/5
  1017 | D:2      | Found a glowing golden altar of the Shining One.
  1052 | D:2      | Became a worshipper of the Shining One
  1129 | D:3      | Noticed Ijyb
  1140 | D:3      | Killed Ijyb
  1141 | D:3      | Reached skill level 1 in Ice Magic
  1174 | D:3      | Noticed Sanktem7's ghost (amateur MiFi)
  1175 | D:3      | Found a runed translucent door.
  1186 | D:3      | Found a faded altar of an unknown god.
  1257 | D:3      | Found a runed translucent door.
  1461 | D:3      | Reached XP level 5. HP: 49/50 MP: 6/6
  1617 | D:3      | Noticed Robin
  1642 | D:3      | Killed Robin
  1663 | D:3      | Found a glowing silver altar of Zin.
  1769 | D:3      | Killed Sanktem7's ghost
  1770 | D:3      | Reached XP level 6. HP: 37/59 MP: 5/8
  1843 | D:4      | Reached XP level 7. HP: 48/66 MP: 8/10
  1855 | D:4      | Slain by an orc

Illustrated notes

Levels and vault maps discovered:
D:1:      spicycebolla_arrival_xxxplode, layout_basic, st_stairs_11,
          minmay_stone_trees_small, supply_closet_lemuel
D:2:      layout_basic, basic_altar, hangedman_abyss_or_decor_lesser_grid,
          amethyst_killhole, minmay_misc_feat_doors
D:3:      layout_basic, zin_treasury, ebering_ghost_sewer_f,
          ebering_ecumenical_altar_mist, uniq_robin, uniq_ijyb
D:4:      layout_cave_pools, lightli_temple_of_fire, dancing_weapons_uskayaw

Skill      XL: |  1  2  3  4  5 |
---------------+----------------+-----
Fighting       | 1 2 |  2.4
Ice Magic      | 1 2 |  2.7
Transmutations | 2 3 |  3.2
Spellcasting   | 2 |  2.7
Dodging        | |  1.5
Unarmed Combat | |  3.0

Action                   |  1- 3 |  4- 6 |  7- 9 || total
-------------------------+-------+-------+-------++-------
Melee: Unarmed           |    92 |   123 |    13 ||   228
       Punch             |     3 |     2 |       ||     5
       Headbutt          |     1 |     6 |       ||     7
       Kick              |     1 |    11 |       ||    12
 Cast: Beastly Appendage |     1 |     7 |       ||     8
       Wereblood         |     1 |     3 |       ||     4
 Stab: Sleeping          |     3 |       |       ||     3
Armor: Robe              |    34 |    58 |     2 ||    94
Dodge: Dodged            |    54 |    55 |    10 ||   119
